 Dungeon Crawl Stone Soup version 0.30-a0-782-ge64f9170bb (webtiles) character file.

Game seed: 5964525462679728534

5 senseless the Gusty (level 1, -4/14 HPs)
             Began as a Draconian Air Elementalist on Mar 7, 2023.
             Was a Follower of Makhleb.
             Slain by a gnoll
             ... wielding a +0 club
              (5 damage)
             ... on level 1 of the Dungeon.
             The game lasted 00:01:06 (169 turns).

senseless the Gusty (Draconian Air Elementalist)     Turns: 169, Time: 00:01:06

Health: -4/14      AC:  4    Str: 10    XL:     1   Next: 66%
Magic:  0/3        EV: 12    Int: 15    God:    Makhleb [*.....]
Gold:   28         SH:  0    Dex: 11    Spells: 3/4 levels left

rFire   . . .      SeeInvis .    (no weapon)
rCold   . . .      Faith    .    (no shield)
rNeg    . . .      Spirit   .    (body armour unavailable)
rPois   .          Reflect  .    (helmet restricted)
rElec   .          Harm     .    (no cloak)
rCorr   .          Rampage  .    (no gloves)
Will    .....                    (no boots)
Stlth   ++                       (no amulet)
HPRegen 0.22/turn                (no ring)
MPRegen 0.08/turn                (no ring)

@: no status effects
A: AC +4, unfitting armour, cold-blooded
a: Renounce Religion


You were on level 1 of the Dungeon.
You worshipped Makhleb.
Makhleb was aware of your devotion.
You visited 1 branch of the dungeon, and saw 1 of its levels.

You collected 28 gold pieces.

Inventory:

Potions
 a - a potion of magic


   Skills:
 + Level 1.9 Dodging
 + Level 1.9 Stealth
 + Level 2.0 Spellcasting
 + Level 1.1 Conjurations
 + Level 3.0 Air Magic


You had 3 spell levels left.
You knew the following spells:

 Your Spells              Type           Power      Damage    Failure   Level
a - Shock                 Conj/Air       28%        1d4       10%         1

Your spell library contained the following spells:

 Spells                   Type           Power      Damage    Failure   Level
 Static Discharge         Conj/Air       14%        2-3/arc   14%         2
 Swiftness                Air            10%        N/A       19%         3
 Airstrike                Air            5%         2d(1-17)  52%         4


Dungeon Overview and Level Annotations

Branches:
Dungeon (1/15)

Altars:
Makhleb


Innate Abilities, Weirdness & Mutations

Your plain brown scales are hard. (AC +4)
You cannot fit into any form of body armour.
You are cold-blooded and may be slowed by cold attacks.


Message History

You are too injured to fight recklessly!
You are too injured to fight recklessly!
You are too injured to fight recklessly!
You hit the dart slug.
You kill the dart slug!
Makhleb accepts your kill.
Search for what [Enter for "."]? .
HP restored.
A gnoll comes into view. It is wielding a +0 club.
The zap hits the gnoll.
The gnoll is lightly wounded.
That beam is likely to hit you.
Continue anyway?
The zap misses the gnoll.
The zap hits the gnoll.
The gnoll is moderately wounded.
The zap misses you. The gnoll hits you with a +0 club.
You aren't carrying any pieces of jewellery.
The zap hits the gnoll.
The gnoll is moderately wounded.
The zap hits the gnoll.
The gnoll is heavily wounded.
The gnoll misses you.
You hit the gnoll but do no damage.
The gnoll is heavily wounded.
The gnoll hits you with a +0 club.
You hit the gnoll.
Your tail-slap misses the gnoll.
The gnoll is heavily wounded.
The gnoll hits you with a +0 club.
* * * LOW HITPOINT WARNING * * *
You are too injured to fight recklessly!
Casting: Shock (safe; 10% risk of failure)
Confirm with . or Enter, or press ? or * to list all spells.
Aiming: Shock (safe; 10% risk of failure)
Press: ? - help, Shift-Dir - straight line, f/p - gnoll
Aim: a gnoll, wielding a +0 club (heavily wounded, 72% to hit)
The zap hits the gnoll.
The gnoll is severely wounded.
The zap hits the gnoll.
The gnoll is severely wounded.
The gnoll hits you with a +0 club.
You die...

..# ..## ## ..# .. ♣.
♣.# ##. ♣. ♣♣.# #.. ♣.
♣.♣# #.# ♣.♣♣♣♣.♣ #.####
♣..♣♣..♣ # #..g@#
♣.♣.♣♣♣ #.####.##.♣♣
♣...♣ ####
#......##♣†♣♣♣.⌠.♣♣♣♣..#
#......# ♣...♣...♣♣..♣.#
#......# ♣♣........♣♣♣.#
#.###### ♣♣..8_8.♣♣##.#
... ♣♣♣♣♣♣♣♣....# ##..
... .........#### ## #..
.#######.##


You could see a gnoll.

Vanquished Creatures
  A dart slug (D:1)
  2 hobgoblins (D:1)
3 creatures vanquished.

Notes
Turn   | Place    | Note
-------+----------+-------------------------------------------
     0 | D:1      | senseless the Draconian Air Elementalist began the quest
                  | for the Orb.
     0 | D:1      | Reached XP level 1. HP: 14/14 MP: 3/3
    31 | D:1      | Found a faded altar of an unknown god.
    58 | D:1      | Prayed at the altar of an unknown god.
    58 | D:1      | Became a worshipper of Makhleb the Destroyer
    58 | D:1      | Reached * piety under Makhleb
   169 | D:1      | Slain by a gnoll

Illustrated notes

Levels and vault maps discovered:
D:1:      minmay_arrival_five_plusses, layout_basic,
          shapermc_ecumenical_altar_totnotflames, hex_tiny,
          dreamdust_princess_bridge, fountainhead

Action                     || total
---------------------------++-------
  Melee: Unarmed           ||    27
         Tailslap          ||     2
   Cast: Shock             ||     9
 Armour: Skin              ||     6
  Dodge: Dodged            ||    15

Table legend: (Time is in decaauts)
 A = Elapsed time spent in this place.
 B = Non-inter-level travel time spent in this place.
 C = Inter-level travel time spent in this place.
 D = Time resting spent in this place.
 E = Time spent auto-exploring this place.
 F = Levels seen in this place.
 G = Mean time per level.
                   A        B        C        D        E       F      G
               +--------+--------+--------+--------+--------+-----+--------+
         Total |    169 |    160 |      9 |      0 |    108 |   1 |  169.0 |
       Dungeon |    169 |    160 |      9 |      0 |    108 |   1 |  169.0 |
               +--------+--------+--------+--------+--------+-----+--------+

Top non-repeatable levels by time:
     D:1: 169 daAuts
